Map: New Repugnancy LE

Players

PappiJoe - Winner!

  • Race: Protoss Protoss
  • Spawn Location: 1:00

MilkiCow

  • Race: Terran Terran
  • Spawn Location: 7:00

Event: 2019 WCS Summer

VOD

Have the link to the VOD?

Description

Time

  • Played on: July 12, 2019, 8:44 a.m.
  • Length: 6:27

All games in this series

Show
View Real Time Build Order
Export as new Build Order

PappiJoe Protoss - Winner!

Build Orders:  

Get SALT Encoding   

  12  0:00  Probe  
  13  0:13  Pylon  
  13  0:17  Probe  
  14  0:30  Probe  
  14  0:32  Gateway  
  15  0:38  Probe  
  15  0:44  Assimilator  
  15  0:47  Probe  
  16  0:54  Assimilator  
  17  0:59  Probe  
  18  1:11  Probe  
  19  1:20  Cybernetics Core  
  19  1:23  Probe  
  20  1:28  Pylon  
  20  1:35  Probe  
  21  1:46  Adept  
  21  1:48  Probe  
  22  2:00  Robotics Facility  
  24  2:02  Probe  
  25  2:13  Warp Gate  
  25  2:20  Stalker  
  27  2:27  Nexus  
  27  2:31  Pylon  
  27  2:39  Immortal  
  31  2:54  Probe  
  32  3:06  Probe  
  32  3:09  Twilight Council  
  33  3:18  Probe  
  33  3:19  Warp Prism  
  36  3:30  Probe  
  37  3:40  Probe  
  38  3:42  Probe  
  38  3:46  Charge, Immortal  
  39  3:52  Probe  
  40  3:59  Probe  
  45  4:05  Probe  
  45  4:06  Pylon  
  46  4:11  Probe  
  46  4:17  Probe  
  48  4:26  Gateway x2  
  48  4:28  Gateway  
  48  4:34  Gateway  
  48  4:35  Gateway  
  48  4:41  Gateway  
  48  4:44  Gateway  
  48  4:53  Pylon  
  48  4:59  Warp Prism  
  48  5:03  Pylon  
  48  5:04  Pylon  
  50  5:18  Zealot  
  52  5:26  Zealot  
  52  5:27  Zealot x2  
  56  5:34  Zealot x2  
  56  5:35  Zealot  
  62  5:39  Zealot x2  
  66  5:48  Zealot x3  
  70  6:05  Zealot x3  
  70  6:06  Zealot x2  
  66  6:18  Zealot x3  
  72  6:25  Zealot x2  
  72  6:26  Zealot x3  
Show
View Real Time Build Order
Export as new Build Order

MilkiCow Terran 

Build Orders: Reaper Expand 

Get SALT Encoding   

  12  0:00  SCV  
  13  0:13  SCV  
  14  0:17  Supply Depot  
  14  0:25  SCV  
  15  0:38  SCV  
  15  0:40  Barracks  
  16  0:44  Refinery  
  16  0:50  SCV  
  17  1:02  SCV  
  18  1:15  SCV  
  19  1:27  Orbital Command, Reaper  
  20  1:44  Command Center  
  20  1:54  SCV  
  20  1:58  Marine  
  22  2:02  Supply Depot  
  22  2:09  Bunker, SCV  
  23  2:16  Factory  
  23  2:20  Barracks Reactor  
  23  2:24  SCV  
  24  2:32  Bunker  
  24  2:39  Refinery, SCV  
  25  2:51  SCV  
  25  2:58  Marine x2  
  26  3:03  Starport, SCV  
  29  3:06  Factory Tech Lab  
  29  3:15  SCV  
  29  3:16  Marine  
  29  3:17  Orbital Command  
  29  3:18  Marine  
  31  3:27  SCV  
  31  3:34  Marine  
  32  3:36  Marine  
  32  3:39  SCV  
  34  3:43  Bunker  
  34  3:44  SCV  
  34  3:47  Bunker  
  35  3:48  Raven  
  35  3:51  Factory Tech Lab  
  35  3:52  SCV  
  38  3:56  Marine, SCV  
  38  3:57  Marine  
  41  4:04  SCV  
  41  4:05  Barracks  
  43  4:14  Marine  
  45  4:19  Siege Tank  
  45  4:21  Supply Depot  
  45  4:22  Supply Depot  
  46  4:31  Supply Depot  
  46  4:38  Engineering Bay  
  46  4:39  Refinery  
  46  4:43  Viking, Marine x2, SCV x2  
  52  4:51  Siege Tank  
  55  4:55  SCV x2  
  57  5:01  Marine  
  57  5:06  Supply Depot  
  57  5:07  SCV x2  
  59  5:19  SCV x2  
  60  5:21  Marine x2  
  62  5:31  SCV x2  
  62  5:32  Refinery  
  62  5:35  Starport Reactor, Supply Depot  
  67  5:39  Marine x2  
  66  5:44  Marine, SCV x2  
  66  5:48  Siege Tank  
  72  5:54  Supply Depot  
  72  5:56  SCV  
  71  5:57  Marine  
  71  6:02  Marine  
  66  6:09  Marine  
  59  6:12  SCV  
  59  6:13  SCV  
Tags
 
Add a new tag
Caveats
  • Supply blocks, unpowered buildings, or Contaminate may cause inaccurate times.
  • Supply counts are checked every 10 seconds.